 Dungeon Crawl Stone Soup version 0.29.1-1-gd02db6906a (webtiles) character file.

Game seed: 1504705526036087739

824 Earthwalker the Ducker (level 7, 0/67 HPs)
             Began as a Troll Gladiator on Oct 9, 2022.
             Was a Follower of Okawaru.
             Splashed by a jelly's acid (5 damage)
             ... on level 5 of the Dungeon.
             The game lasted 00:09:59 (4235 turns).

Earthwalker the Ducker (Troll Gladiator)            Turns: 4235, Time: 00:09:59

Health: 0/67       AC:  4    Str: 25    XL:     7   Next: 64%
Magic:  7/7        EV: 11    Int:  4    God:    Okawaru [*.....]
Gold:   357        SH:  0    Dex: 11    Spells: 6/6 levels left

rFire   + . .      SeeInvis .     - Unarmed
rCold   . . .      Faith    .   (no shield)
rNeg    . . .      Spirit   .   a - +0 robe
rPois   .          Reflect  .   b - +0 hat
rElec   .          Harm     .   (no cloak)
rCorr   .          Rampage  .   (gloves unavailable)
Will    .....                   (boots unavailable)
Stlth   +.........              (no amulet)
HPRegen 1.01/turn               g - ring of protection from fire
MPRegen 0.10/turn               m - +4 ring of protection

@: corroded
A: large, unfitting armour, claws 3, regeneration 1, shaggy fur 1, tough skin 1
a: Renounce Religion, Heroism


You were on level 5 of the Dungeon.
You worshipped Okawaru.
Okawaru was aware of your devotion.
You visited 2 branches of the dungeon, and saw 6 of its levels.

You collected 357 gold pieces.

Inventory:

Hand Weapons
 y - the +4 hand axe "Haylivor" {vorpal, rF+ Int+3}
   (You found it on level 5 of the Dungeon)

   It inflicts extra damage upon your enemies.
   Int:       It affects your intelligence (+3).
   rF:        It protects you from fire.
 z - a +0 giant spiked club
Missiles
 c - 3 throwing nets (quivered)
 d - a large rock
Armour
 a - a +0 robe (worn)
 b - a +0 hat (worn)
Jewellery
 g - a ring of protection from fire (left claw)
 m - a +4 ring of protection (right claw)
 o - a ring of positive energy
 s - a ring of magical power
Wands
 v - a wand of mindburst (7)
Scrolls
 f - 4 scrolls of identify
 h - 2 scrolls of amnesia
 i - a scroll of blinking
 k - a scroll of acquirement {unknown}
 p - a scroll of butterflies {unknown}
 r - a scroll of fear {unknown}
 t - a scroll of vulnerability {unknown}
 u - 2 scrolls of magic mapping {unknown}
Potions
 e - a potion of brilliance
 j - a potion of magic
 l - 2 potions of flight {unknown}
 n - 3 potions of curing {unknown}
 q - a potion of heal wounds {unknown}
 w - 2 potions of might
 x - a potion of resistance {unknown}


   Skills:
 * Level 3.2 Fighting
 * Level 3.0 Throwing
 * Level 2.0 Armour
 * Level 5.3 Dodging
 * Level 2.2 Shields
 - Level 3.0 Unarmed Combat
 * Level 2.0 Invocations


You had 6 spell levels left.
You didn't know any spells.
Your spell library was empty.

Dungeon Overview and Level Annotations

Branches:
Dungeon (5/15)             Temple (1/1) D:4

Altars:
Ashenzari
Cheibriados
Dithmenos
Gozag
Kikubaaqudgha
Makhleb
Okawaru
Ru
Sif Muna
Trog
Uskayaw
Vehumet
Yredelemnul
Zin
The Shining One

Annotations:
D:5 Edmund


Innate Abilities, Weirdness & Mutations

You are too large for most types of armour.
You have claws for hands.
Your natural rate of healing is unusually fast.
You are covered in fur. (AC +1)
You have tough skin. (AC +1)


Message History

The necrophage hits you.
You feel drained.
The jelly quivers.
You claw the necrophage!
You destroy the necrophage!
Okawaru accepts your kill.
Your life force feels restored.
Your Throwing skill increases to level 3!
Found a stone staircase leading down.
Edmund drinks a potion.
Edmund seems to grow stronger.
You closely miss Edmund.
Edmund hits you with a +3 flail of protection.
You scratch Edmund but do no damage. Edmund barely misses you.
You barely miss Edmund.
Edmund hits you with a +3 flail of protection!
You scratch Edmund but do no damage. You claw Edmund.
Edmund is lightly wounded.
Edmund hits you but does no damage.
You barely miss Edmund.
Edmund is lightly wounded.
The jelly hits you but does no damage. Edmund misses you.
You scratch Edmund.
Edmund is lightly wounded.
The jelly misses you.
Edmund hits you with a +3 flail of protection!
You closely miss Edmund.
Edmund is lightly wounded.
The jelly hits you.
You are splashed with acid!
Edmund hits you with a +3 flail of protection!!
* * * LOW HITPOINT WARNING * * *
You barely miss the jelly. The jelly barely misses you.
Edmund hits you with a +3 flail of protection.
* * * LOW HITPOINT WARNING * * *
You claw the jelly! The acid corrodes you!
Your claws burn!
* * * LOW HITPOINT WARNING * * *
The jelly is severely wounded.
The jelly hits you but does no damage.
Edmund hits you with a +3 flail of protection!
* * * LOW HITPOINT WARNING * * *
You scratch the jelly.
Your claws burn!
You die...

..##...###.
#...#..# #.##
.##.##.## ..#
.##.....###.#
(#####...##.## ##
.# ##......# .#
.# #...##.####.#
.# #........†..#
.# ##[.......@.#
.. #........@J.#
#........#..#
#........#....#
.......######....
#####.... .....
#..... ....
#..... >...


You could see Edmund (strong) and a jelly.

Vanquished Creatures
  Sigmund (D:5)
  A black bear (D:3)
  An ogre (D:5)
  A phantom (D:3)
  A necrophage (D:5)
  A howler monkey (D:5)
  A gnoll bouda (D:4)
  A hound (D:5)
  18 gnolls
  3 adders
  A shadow imp (D:5)
  2 worms
  4 endoplasms
  4 giant cockroaches
  3 goblins
  3 hobgoblins
  4 jackals
  4 kobolds
  4 quokkas
  6 ball pythons
  4 bats
  3 frilled lizards
  6 rats
77 creatures vanquished.

Vanquished Creatures (others)
  7 plants
7 creatures vanquished.

Grand Total: 84 creatures vanquished

Notes
Turn   | Place    | Note
-------+----------+-------------------------------------------
     0 | D:1      | Earthwalker the Troll Gladiator began the quest for the
                  | Orb.
     0 | D:1      | Reached XP level 1. HP: 19/19 MP: 0/0
   469 | D:1      | Reached XP level 2. HP: 23/27 MP: 1/1
  1268 | D:2      | Reached XP level 3. HP: 35/35 MP: 2/2
  1355 | D:2      | Reached skill level 3 in Dodging
  1889 | D:3      | Reached XP level 4. HP: 31/42 MP: 3/3
  2153 | D:3      | Reached skill level 1 in Shields
  2154 | D:3      | Noticed a black bear
  2157 | D:3      | Killed a black bear
  2158 | D:3      | Reached skill level 1 in Armour
  2158 | D:3      | Reached skill level 1 in Invocations
  2158 | D:3      | Reached XP level 5. HP: 49/49 MP: 4/4
  2162 | D:3      | Found a shadowy altar of Dithmenos.
  2299 | D:3      | Noticed a phantom
  2308 | D:3      | Killed a phantom
  2309 | D:3      | Reached skill level 4 in Dodging
  2377 | D:3      | Reached XP level 6. HP: 34/59 MP: 5/5
  2815 | D:4      | Found a staircase to the Ecumenical Temple.
  2821 | Temple   | Entered the Ecumenical Temple
  2985 | Temple   | Became a worshipper of Warmaster Okawaru
  3954 | D:5      | Entered Level 5 of the Dungeon
  3970 | D:5      | Identified the +7 rapier of a treasure trove {venom, rF+
                  | rC+ rN+ Int-2}
  4003 | D:5      | Noticed Sigmund
  4015 | D:5      | Killed Sigmund
  4016 | D:5      | Reached skill level 5 in Dodging
  4016 | D:5      | Reached XP level 7. HP: 64/67 MP: 7/7
  4024 | D:5      | Reached * piety under Okawaru
  4125 | D:5      | Identified the +4 hand axe "Haylivor" {vorpal, rF+ Int+3}
  4137 | D:5      | Found a radiant altar of Vehumet.
  4139 | D:5      | Found a sacrificial altar of Ru.
  4220 | D:5      | Noticed Edmund
  4235 | D:5      | Splashed by a jelly's acid

Illustrated notes

Levels and vault maps discovered:
D:1:      amcnicky_arrival_gap_in_the_tavern_cellar, layout_basic
D:2:      wad_crossroads, layout_loops_ring, ebering_dispersal_statue_hall
D:3:      kb_forest_paths, layout_basic, lemuel_doored_altar
D:4:      wad_lake_hut, layout_loops_corners, minmay_temple_entry_overgrown
D:5:      layout_rooms, mainiacjoe_overflow_big_doors, uniq_sigmund, uniq_ijyb,
          uniq_edmund
Temple:   hc_temple_tempest_star

Skill      XL: |  1  2  3  4  5  6  7 |
---------------+----------------------+-----
Throwing       | 2 3 |  3.0
Dodging        | 3 4 5 |  5.3
Fighting       | 2 3 |  3.2
Shields        | 1 2 |  2.2
Armour         | 1 2 |  2.0
Invocations    | 1 2 |  2.0
Unarmed Combat | |  3.0

Action                   |  1- 3 |  4- 6 |  7- 9 || total
-------------------------+-------+-------+-------++-------
Melee: Unarmed           |    96 |   124 |    38 ||   258
       Punch             |       |     4 |     1 ||     5
  Use: Scroll            |     4 |       |       ||     4
 Stab: Sleeping          |     1 |       |       ||     1
Armor: Robe              |    46 |    42 |    13 ||   101
Dodge: Dodged            |    34 |    79 |    14 ||   127
